 Dungeon Crawl Stone Soup version 0.17.1-1-g73c8601 (webtiles) character file.

70 abixa the Poker (level 3, -1/29 HPs)
             Began as a Demigod Skald on Jan 7, 2016.
             Slain by Natasha (4 damage)
             ... on level 1 of the Dungeon.
             The game lasted 00:03:51 (1460 turns).

abixa the Poker (Demigod Skald)                     Turns: 1460, Time: 00:03:51

Health: -1/29      AC:  5    Str: 15    XL:     3   Next: 76%
Magic:  8/8        EV: 10    Int: 18    God:
Gold:   69         SH:  0    Dex: 15    Spells: 2 memorised, 2 levels left

rFire  . . .     SeeInvis .     a - +0 spear
rCold  . . .     Clarity  .     e - +0 ring mail
rNeg   . . .     SustAt   +     (no shield)
rPois  .         Gourm    .     (no helmet)
rElec  .         Spirit   .     (no cloak)
rCorr  .         Warding  .     (no gloves)
rMut   .         Stasis   .     (no boots)
MR     .....                    (no amulet)
Stlth  +.........               (no ring)
                                (no ring)

@: not resistant to hostile enchantments, very unstealthy
A: high mp 1, sustain attributes
a: no special abilities


You were on level 1 of the Dungeon.
You were very hungry.

You visited 1 branch of the dungeon, and saw 2 of its levels.

You collected 69 gold pieces.

Inventory:

Hand Weapons
 a - a +0 spear (weapon)
Missiles
 g - 20 sling bullets
 h - 42 stones (quivered)
 m - 4 tomahawks
Armour
 b - a +0 leather armour
 e - a +0 ring mail (worn)
Scrolls
 i - 2 scrolls of remove curse {unknown}
 j - a scroll of noise {unknown}
 k - a scroll of identify {unknown}
 l - a scroll of fear {unknown}
Potions
 f - a potion of haste
Books
 c - a book of Battle

   Spells                             Type                      Level
   a - Infusion                       Charms                       1
   b - Shroud of Golubria             Charms/Translocation         2
   c - Song of Slaying                Charms                       2
   d - Spectral Weapon                Hexes/Charms                 3
   e - Regeneration                   Charms/Necromancy            3
Comestibles
 d - a bread ration


   Skills:
 - Level 1.7 Fighting
 + Level 3.9 Polearms
 - Level 0.8 Armour
 - Level 0.8 Dodging
 - Level 1.7 Spellcasting
 - Level 2.6 Charms


You had 2 spell levels left.
You knew the following spells:

 Your Spells              Type           Power        Failure   Level  Hunger
a - Infusion              Chrm           ##....       14%         1    #......
b - Song of Slaying       Chrm           ##......     21%         2    ###....


Dungeon Overview and Level Annotations

Branches:
Dungeon (2/15)

Annotations:
D:1 !potion for fly
D:2 Natasha


Innate Abilities, Weirdness & Mutations

You have an increased reservoir of magic (+10% MP).
Your attributes are resistant to harm.


Message History

You start resting.
A magic dart appears from out of thin air!
The magic dart hits you!
You start resting.
Something claws you!
Warning, next level annotated: !potion for fly Enter next level anyway?
Something claws you but does no damage.
You climb upwards.
There is a stone staircase leading down here.
A magic dart appears from out of thin air!
The magic dart hits you!
There is an open door here.
You are feeling very hungry.
You hear some strange, mumbled words.
A magic dart appears from out of thin air!
The magic dart hits you!
* * * LOW HITPOINT WARNING * * *
Something is blocking the doorway!
Something claws you.
You die...

##### ##########################
####...###.........................
.....#.....############.###########
...#.................##)###
#.###..#######..........>.# #.#
#..# ####'#####.#.# #.###..##
#.[.@...##.#.### ## ........#
#.⌠...⌠.#......# #. ..###...#
###.......##.#.#.# #. ...##...#
#.'...⌠...+..#.#.######. ..#.#...#
#.#.......##.#..#....... ...#....#
#.#.⌠...⌠.##.###.######.
....#...####.#.......##.# #.# #.
....#........####+#####.# #.# #.
†...#..####### #.# #.# #.# ##


There were no monsters in sight!

Vanquished Creatures
  Natasha (D:2)
  An adder (D:2)
  A giant gecko (D:2)
  3 giant cockroaches
  2 goblins (D:1)
  2 hobgoblins (D:1)
  4 jackals (D:1)
  3 kobolds (D:1)
  10 bats (D:1)
  2 giant newts (D:1)
  2 rats (D:1)
31 creatures vanquished.

Notes
Turn   | Place    | Note
--------------------------------------------------------------
     0 | D:1      | abixa the Demigod Skald began the quest for the Orb.
     0 | D:1      | Reached XP level 1. HP: 17/17 MP: 5/5
   181 | D:1      | Reached XP level 2. HP: 15/24 MP: 4/7
   484 | D:1      | Reached skill level 3 in Polearms
   500 | D:1      | Learned a level 2 spell: Song of Slaying
   953 | D:2      | Noticed Natasha
  1053 | D:2      | Killed Natasha
  1053 | D:2      | Reached XP level 3. HP: 21/29 MP: 4/8
  1178 | D:2      | Found an iron altar of Okawaru.
  1383 | D:2      | Noticed Natasha
  1460 | D:1      | Slain by Natasha

Action                   || total
-------------------------++-------
Melee: Spear             ||   118
 Cast: Infusion          ||     7
  Eat: Chunk             ||     1
